 Dungeon Crawl Stone Soup version 0.23.0-33-g5e6c059 (webtiles) character file.

Game seed: 0

133 Fang the Skirmisher (level 5, -1/49 HPs)
             Began as a Gargoyle Berserker on Feb 26, 2019.
             Was a Believer of Trog.
             Slain by an orc warrior
             ... wielding a cursed -1 glaive
              (28 damage)
             ... on level 2 of the Dungeon.
             The game lasted 00:03:07 (1651 turns).

Fang the Skirmisher (Gargoyle Berserker)            Turns: 1651, Time: 00:03:08

Health: -1/49      AC:  6    Str: 27    XL:     5   Next: 16%
Magic:  5/5        EV: 12    Int:  7    God:    Trog [**....]
Gold:   102        SH:  0    Dex:  9    Spells: 4/4 levels left

rFire    . . .     SeeInvis .   a - +0 hand axe
rCold    . . .     Gourm    .   (no shield)
rNeg     + . .     Faith    .   b - +0 animal skin
rPois    ∞         Spirit   .   (no helmet)
rElec    +         Reflect  .   (no cloak)
rCorr    .         Harm     .   (no gloves)
MR       .....                  (no boots)
Stlth    ..........             (no amulet)
HPRegen  0.16/turn              (no ring)
MPRegen  0.09/turn              (no ring)

@: berserking (expiring), very quick
A: negative energy resistance 1, electricity resistance, unbreathing,
petrification resistance, rot immunity, AC +4
a: Berserk, Trog's Hand, Renounce Religion


You were on level 2 of the Dungeon.
You worshipped Trog.
Trog was pleased with you.
You were not hungry.

You visited 1 branch of the dungeon, and saw 2 of its levels.

You collected 102 gold pieces.

Inventory:

Hand Weapons
 a - a +0 hand axe (weapon)
Armour
 b - a +0 animal skin (worn)
Jewellery
 l - an uncursed amulet of regeneration {unknown}
Scrolls
 e - 4 scrolls of teleportation {unknown}
 h - 6 scrolls of remove curse {unknown}
 j - 2 scrolls of enchant weapon {unknown}
 k - a scroll of fear {unknown}
 n - a scroll of enchant armour {unknown}
 o - a scroll of identify {unknown}
Potions
 d - 2 potions of heal wounds {unknown}
 f - a potion of degeneration {unknown}
 g - a potion of resistance {unknown}
 m - a potion of curing {unknown}
 p - a potion of haste {unknown}
Comestibles
 c - 2 rations
 i - 5 chunks of flesh


   Skills:
 + Level 4.2 Fighting
 + Level 3.5 Axes
 + Level 3.3 Armour
 + Level 2.4 Dodging


You had 4 spell levels left.
You didn't know any spells.
Your spell library was empty.

Dungeon Overview and Level Annotations

Branches:
Dungeon (2/15)

Altars:
Sif Muna
Wu Jian

Annotations:
D:2 1 transporter


Innate Abilities, Weirdness & Mutations

You are resistant to torment.
Your stone body is resilient. (AC +4)
You are immune to poison.
You resist negative energy. (rN+)
You are resistant to electric shocks. (rElec)
You can survive without breathing.
You are immune to petrification.
You are immune to rotting.


Message History

The gnoll hits you. The adder bites you.
You slash the gnoll!
You kill the gnoll!
Trog accepts your kill.
You have reached level 5!
You barely miss the adder. The adder bites you but does no damage.
The orc warrior closely misses you.
You slash the adder!
You kill the adder!
Trog accepts your kill.
You can't go up here!
You feel a strong urge to attack something.
There is a transporter landing site here.
You hit the orc warrior but do no damage.
The orc warrior hits you but does no damage.
You hit the orc warrior.
The orc warrior is lightly wounded.
The orc warrior hits you with a cursed -1 glaive!!
Ouch! That really hurt!
You die...

.####### ##.######.##.# .......#
#########......#..... ######.#
##...........##.#.##.. #.#
#..#########....#.#### ######.#
#.##...%...##.###.#... ....(..#
#.#8.##.##.8#.....#.##
############.#..##.##$$#..##.#.#
.............#.......!.#.......#
##########..©#.o@....$_#©..#.####
# ##..#(......$.#...#.....
##)#..##.##$$#...#..###
#.#8.##.##.8#...#..#
#)##...©...##..##..#
#..#########.......#
####..................###
#....##.#.#.#.##......##.
#.#####.#.#.#.##.....###.


You could see an orc warrior.

Vanquished Creatures
  A hound (D:2)
  Robin (D:2)
  2 adders (D:2)
  A gnoll (D:2)
  A worm (D:2)
  2 leopard geckos
  A ball python (D:2)
  6 giant cockroaches
  11 goblins
  9 hobgoblins
  4 jackals (D:2)
  7 bats
  A frilled lizard (D:2)
  4 kobolds
  A rat (D:2)
52 creatures vanquished.

Vanquished Creatures (others)
  A kobold (D:1)
1 creature vanquished.

Grand Total: 53 creatures vanquished

Notes
Turn   | Place    | Note
-------+----------+-------------------------------------------
     0 | D:1      | Fang the Gargoyle Berserker began the quest for the Orb.
     0 | D:1      | Reached XP level 1. HP: 14/14 MP: 1/1
   267 | D:1      | Reached XP level 2. HP: 16/19 MP: 2/2
   990 | D:2      | Reached XP level 3. HP: 23/23 MP: 3/3
  1005 | D:2      | Reached ** piety under Trog
  1103 | D:2      | Found an ornate altar of the Wu Jian Council.
  1103 | D:2      | Noticed an orc warrior
  1106 | D:2      | Found a transporter.
  1129 | D:2      | Found a transporter.
  1134 | D:2      | Noticed Robin
  1154 | D:2      | Killed Robin
  1157 | D:2      | Reached XP level 4. HP: 22/29 MP: 4/4
  1468 | D:2      | Reached skill level 4 in Fighting
  1576 | D:2      | Found a deep blue altar of Sif Muna.
  1646 | D:2      | Reached XP level 5. HP: 26/33 MP: 5/5
  1651 | D:2      | Slain by an orc warrior

Skill      XL: |  1  2  3  4 |
---------------+-------------+-----
Axes           | 3 |  3.5
Dodging        | 2 |  2.4
Fighting       | 4 |  4.2
Armour         | 3 |  3.3

Action                   |  1- 3 |  4- 6 || total
-------------------------+-------+-------++-------
Melee: Hand axe          |   125 |    43 ||   168
Invok: Berserk           |       |     1 ||     1
 Stab: Sleeping          |       |     1 ||     1
  Eat: Chunk             |     1 |     2 ||     3
Armor: Animal skin       |    51 |    15 ||    66
Dodge: Dodged            |    93 |    32 ||   125
